 Dungeon Crawl Stone Soup version 0.26.0-10-g1f06aea511 (webtiles) character file.

Game seed: 13901401772799866245

70 MajorAdolf the Sneak (level 4, 0/39 HPs)
             Began as a Naga Wanderer on Jan 16, 2021.
             Killed by nerve-wracking pain
             ... invoked by an orc priest
              (3 damage)
             ... on level 3 of the Dungeon.
             The game lasted 00:02:42 (2910 turns).

MajorAdolf the Sneak (Naga Wanderer)                Turns: 2910, Time: 00:02:43

Health: 0/39       AC:  6    Str: 13    XL:     4   Next: 22%
Magic:  4/4        EV:  7    Int: 13    God:
Gold:   118        SH:  0    Dex: 12    Spells: 3/3 levels left

rFire    . . .     SeeInvis +   d - +1 dagger
rCold    . . .     Faith    .   (no shield)
rNeg     + . .     Spirit   .   c - +2 scale mail
rPois    +         Reflect  .   (no helmet)
rElec    .         Harm     .   (no cloak)
rCorr    .         Rampage  .   (no gloves)
Will     .....                  (no barding)
Stlth    +.........             (no amulet)
HPRegen  0.13/turn              k - ring of positive energy
MPRegen  0.09/turn              (no ring)

@: short of breath, very slow
A: large, see invisible, deformed body, poison resistance, slowness 2, spit
poison 1, AC +1
a: Spit Poison


You were on level 3 of the Dungeon.
You visited 1 branch of the dungeon, and saw 3 of its levels.

You collected 118 gold pieces.

Inventory:

Hand Weapons
 d - a +1 dagger (weapon)
Armour
 c - a +2 scale mail (worn)
Jewellery
 f - an uncursed ring of ice
 k - a ring of positive energy (left hand)
Scrolls
 e - a scroll of enchant weapon
 i - 3 scrolls of fog
Potions
 a - a potion of curing {unknown}
 b - 2 potions of lignification
 g - a potion of degeneration {unknown}
 h - 3 potions of haste
 m - a potion of heal wounds {unknown}
 o - a potion of might {unknown}


   Skills:
 + Level 2.2 Fighting
 - Level 1.0 Throwing
 + Level 2.4 Armour
 + Level 1.6 Dodging
 - Level 4.4 Stealth
 - Level 3.0 Unarmed Combat


You had 3 spell levels left.
You didn't know any spells.
Your spell library was empty.

Dungeon Overview and Level Annotations

Branches:
Dungeon (3/15)

Altars:


Innate Abilities, Weirdness & Mutations

You cannot wear boots.
Your serpentine skin is tough. (AC +1)
You have supernaturally acute eyesight. (SInv)
Armour fits poorly on your strangely shaped body.
Your system is resistant to poisons. (rPois)
You cover ground very slowly.
You can spit poison.


Message History

The orc priest is moderately wounded.
The orc priest closely misses you.
You hit the orc priest but do no damage.
The orc priest is moderately wounded.
The orc priest hits you.
* * * LOW HITPOINT WARNING * * *
Okay, then.
You hit the orc priest.
The orc priest is heavily wounded.
The orc priest hits you.
* * * LOW HITPOINT WARNING * * *
You have got your breath back.
The orc priest looks encouraged for a moment.
Press: ? - help, Shift-Dir - straight line, f/p - orc priest
Aim: an orc priest (moderately wounded)
The splash of poison misses the orc priest.
Unknown command.
The orc priest calls down the wrath of Beogh upon you.
Pain shoots through your body!
You die...

####### #..>..#
#####.....# ..##.....# .##
#.##.....# ....
#.##...>.## .#...
#......†).##
......######.##.......#
......[†.o@.........#.####
##....#####$.#......#....#
#... #...##.....####.##
### #.#.######........
....# #######.. ##.### ###
.. ..


You could see an orc priest.

Vanquished Creatures
  An adder (D:2)
  An ooze (D:1)
  A worm (D:2)
  2 orcs (D:3)
  4 bats (D:2)
  5 giant cockroaches
  5 hobgoblins
  6 jackals (D:1)
  2 frilled lizards (D:2)
  8 goblins
  8 kobolds
  5 rats
48 creatures vanquished.

Notes
Turn   | Place    | Note
-------+----------+-------------------------------------------
     0 | D:1      | MajorAdolf the Naga Wanderer began the quest for the Orb.
     0 | D:1      | MajorAdolf set off with the following items: a +0 club, 2
                  | potions of lignification, a +2 scale mail, a +0 dagger
     0 | D:1      | Reached XP level 1. HP: 18/18 MP: 1/1
   261 | D:1      | Reached XP level 2. HP: 17/25 MP: 2/2
   860 | D:1      | Reached skill level 1 in Dodging
   874 | D:1      | Reached XP level 3. HP: 22/32 MP: 3/3
  2499 | D:2      | Reached XP level 4. HP: 32/39 MP: 4/4
  2910 | D:3      | Killed from afar by an orc priest

Illustrated notes

Levels and vault maps discovered:
D:1:      dpeg_arrival_water_temple_mockup, layout_loops_ring, minivault_14
D:2:      layout_basic, eino_tiny_chamber
D:3:      layout_rooms, uniq_ijyb

Skill      XL: |  1  2  3 |
---------------+----------+-----
Armour         | 2 |  2.4
Dodging        | 1 |  1.6
Fighting       | 2 |  2.2
Throwing       | |  1.0
Stealth        | |  4.4
Unarmed Combat | |  3.0

Action                   |  1- 3 |  4- 6 || total
-------------------------+-------+-------++-------
Melee: Dagger            |   205 |    49 ||   254
       Club              |     4 |       ||     4
       Punch             |     2 |     1 ||     3
 Abil: Spit Poison       |     6 |     3 ||     9
  Use: Scroll            |       |     7 ||     7
 Stab: Sleeping          |     3 |     1 ||     4
Armor: Scale mail        |   122 |    36 ||   158
Dodge: Dodged            |    69 |    21 ||    90
